 Dungeon Crawl Stone Soup version 0.31-a0-196-g86fe4a5e66 (console) character file.

Game seed: 10391287508677925523

83 petzl the Sneak (level 4, 0/34 (35) HPs)
             Began as a Formicid Delver on June 24, 2023.
             Killed from afar by a dart slug (3 damage)
             ... with a slug dart
             ... on level 2 of the Dungeon on June 29, 2023.
             The game lasted 00:09:18 (2362 turns).

petzl the Sneak (Formicid Delver)                   Turns: 2362, Time: 00:09:22

HP:   0/34 (35)     AC:  5    Str: 17    XL:     4   Next: 71%
MP:   9/9           EV: 11    Int: 11    God:
Gold: 154           SH:  0    Dex: 15    Spells: 9/9 levels left

rFire   . . .        p - +0 short sword (flame)
rCold   . . .        (no shield)
rNeg    . . .        j - +0 ring mail
rPois   .            (helmet unavailable)
rElec   .            (no cloak)
rCorr   .            (no gloves)
SInv    +            (no boots)
Will    .....        (no amulet)
Stlth   +++          (no ring)
HPRegen 0.25/turn    (no ring)
MPRegen 0.11/turn

%: no passive effects
@: lightly drained
A: permanent stasis, dig shafts and tunnels, antennae 3, four strong arms
a: Dig, Shaft Self


You were on level 2 of the Dungeon.
You visited 1 branch of the dungeon, and saw 6 of its levels.

You collected 154 gold pieces.

Inventory:

Hand Weapons
 a - a +0 mace
 i - a +0 rapier
 p - a +0 short sword of flaming (weapon)
Missiles
 o - 4 javelins
Armour
 b - a +0 leather armour
 j - a +0 ring mail (worn)
Magical Staves
 n - a staff of poison
Wands
 f - a wand of digging (3)
Scrolls
 c - a scroll of fog
 d - 2 scrolls of revelation
 l - a scroll of fear
 m - a scroll of vulnerability {unknown}
 q - 2 scrolls of enchant weapon {unknown}
 r - a scroll of immolation {unknown}
Potions
 e - a potion of resistance {unknown}
 g - a potion of brilliance {unknown}
 h - a potion of haste {unknown}
 k - a potion of curing
 s - a potion of attraction {unknown}


   Skills:
 - Level 3.4 Fighting
 - Level 2.2 Maces & Flails
 - Level 2.0 Dodging
 - Level 6.1 Stealth
 + Level 3.3 Spellcasting


You had 9 spell levels left.
You didn't know any spells.
Your spell library contained the following spells:

 Spells                   Type           Power      Damage    Failure   Level
 Portal Projectile        Hex/Tloc       2%         N/A       80%         3
 Tukima's Dance           Hex            1%         N/A       80%         3
 Blade Hands              Tmut           0%         N/A       100%        5


Dungeon Overview and Level Annotations

Branches:
Dungeon (6/15)
 Temple: D:4-7

Altars:
Hepliaklqana
Nemelex Xobeh
Xom
Zin

Annotations:
D:2 Sigmund
D:6 exclusion: scorpion


Innate Abilities, Weirdness & Mutations

You cannot be hasted, slowed, berserked, paralysed or teleported.
You can dig through walls and to a lower floor.
You have a pair of large antennae on your head. (SInv)
Your four strong arms can wield two-handed weapons with a shield.


Message History

You now have 129 gold pieces (gained 13).
You now have 148 gold pieces (gained 19).
Things that are here:
a +0 dagger of flaming {!f =f}; a kobold corpse You open the door.
Found a stone staircase leading up.
There is an open door here.
You now have 154 gold pieces (gained 6).
There is an open door here.
An endoplasm comes into view.
An endoplasm is nearby!
An endoplasm is nearby!
The endoplasm quivers.
You hit the endoplasm. You burn the endoplasm.
You kill the endoplasm!
No target in view!
No target in view!
No target in view!
Magic restored.
There is a stone staircase leading down here.
You see here a +0 robe.
The orc priest shouts!
There are monsters nearby!
There are monsters nearby!
There are monsters nearby!
There are monsters nearby!
The orc shouts!
The orc priest barely misses you.
You hit the orc priest. You burn the orc priest.
The orc priest is moderately wounded.
The orc priest calls down the wrath of Beogh upon you.
Beogh smites you!
You barely miss the orc priest.
The orc priest is moderately wounded.
The orc priest mumbles some strange prayers to Beogh against you.
Beogh smites you!
* * * LOW HITPOINT WARNING * * *
The dart slug launches a dart at you. The slug dart hits you.
You die...

.#.##..o.............#........######'
.#.##...#....#######.#...............
.#.##...#.##.## #.#.......#.......
##.##...#o##..# #.#.......#.......
#.##...#{###.#### #.#######[#.......
#.##)..#o# #....###.#######.#######.
#...#.######.....................
...##w#{#########...####.########
#..#.......................##
#....#..#########...###.###.....
#.####.###..........# #.# #..... #
#.##..8...8....###.# #.....
.w#................# #...##
...#⌠...........##..# ###.#
#.#.#..............>## #.#
..#.##..8...8..###### #÷#
##........###########.##
..#########.##...........#
#...o.o@....##...........#
#######..)..w.........)..'
#.................)# {
#................... {
#.......#######.#### #.......# #.#
##...###.# #.# #.....#..# #.# {
#...#.#.## #.# ## o #...#...# #.# #.
{ #..###.## #.# .#. #......#
#######.# .o# ##...#### #.....#.# ♣.#
#....'.####'###...# ♣♣♣.#
#....###......##.##
♣.♣.###.#...#........#.#
♣...##.#..##....≈...#.#
♣♣..##.#..<'..≈.....#.#
♣..##.#####.....≈..+.#


You could see an orc priest, a dart slug and an orc.

Vanquished Creatures
  2 adders
  A worm (D:2)
  4 dart slugs
  4 orcs
  An endoplasm (D:2)
  A giant cockroach (D:3)
  3 goblins (D:1)
  7 hobgoblins
  2 jackals (D:1)
  8 kobolds
  3 quokkas (D:1)
  2 ball pythons
  3 bats
  4 frilled lizards
  5 rats (D:1)
50 creatures vanquished.

Notes
Turn   | Place    | Note
-------+----------+-------------------------------------------
     0 | D:5      | petzl the Formicid Delver began the quest for the Orb.
     0 | D:5      | Reached XP level 1. HP: 18/18 MP: 1/1
    28 | D:6      | Found a shimmering altar of Xom.
    40 | D:6      | Noticed a scorpion
    52 | D:6      | Noticed an angel
    53 | D:6      | Found a glowing silver altar of Zin.
    72 | D:6      | Reached XP level 2. HP: 17/24 MP: 2/2
   328 | D:5      | Noticed a lemure
   413 | D:3      | Found a hazy altar of Hepliaklqana.
   537 | D:3      | Reached skill level 1 in Spellcasting
   631 | D:3      | Found a sparkling altar of Nemelex Xobeh.
   646 | D:3      | Reached XP level 3. HP: 29/29 MP: 4/4
  1441 | D:1      | Reached XP level 4. HP: 32/35 MP: 7/7
  1592 | D:2      | You fall into a shaft and drop 1 floor!
  1978 | D:2      | Noticed Sigmund
  2362 | D:2      | Killed from afar by a dart slug

Illustrated notes

Levels and vault maps discovered:
D:1:      scummos_arrival_forest, layout_rooms, serial_park_tiny_1
D:2:      cheibrodos_pilgrimage, layout_basic, chequers_ecumenical_altar_grove,
          kennysheep_another_room, minmay_pentomino_t2, uniq_sigmund
D:3:      layout_loops_corners, mainiacjoe_overflow_cross_hatched,
          overflow_temple_1_default
D:4:      layout_layer_cave, mainiacjoe_overflow_paths, portal_sewer_entry_f,
          uniq_eustachio
D:5:      cheibrodos_quashed, layout_basic, chequers_serial_rivers_micro_e,
          uniq_pikel
D:6:      layout_gridville, grunt_temple_overflow_order_and_chaos_1,
          overflow_temple_1_default, minmay_misc_feat_x

Skill      XL: |  1  2  3  4 |
---------------+-------------+-----
Dodging        | 2 |  2.0
Spellcasting   | 1 2 3 |  3.3
Fighting       | |  3.4
Maces & Flails | |  2.2
Stealth        | |  6.1

Action                     |  1- 3 |  4- 6 || total
---------------------------+-------+-------++-------
  Melee: Mace              |     5 |       ||     5
         Rapier            |   112 |    15 ||   127
         Punch             |     1 |       ||     1
         Short sword       |       |    59 ||    59
         Staff             |       |     3 ||     3
Ability: Dig               |     2 |     1 ||     3
         Shaft Self        |       |     1 ||     1
    Use: Scroll            |     1 |       ||     1
   Stab: Sleeping          |     7 |       ||     7
 Armour: Ring mail         |    50 |    18 ||    68
  Dodge: Dodged            |   105 |    32 ||   137

Table legend: (Time is in decaauts)
 A = Elapsed time spent in this place.
 B = Non-inter-level travel time spent in this place.
 C = Inter-level travel time spent in this place.
 D = Time resting spent in this place.
 E = Time spent auto-exploring this place.
 F = Levels seen in this place.
 G = Mean time per level.
                   A        B        C        D        E       F      G
               +--------+--------+--------+--------+--------+-----+--------+
         Total |   2387 |   2268 |    119 |    346 |   1088 |   6 |  397.8 |
       Dungeon |   2387 |   2268 |    119 |    346 |   1088 |   6 |  397.8 |
               +--------+--------+--------+--------+--------+-----+--------+

Top non-repeatable levels by time:
     D:1: 740 daAuts
     D:2: 666 daAuts
     D:3: 559 daAuts
     D:6: 231 daAuts
     D:5: 169 daAuts
     D:4: 20 daAuts
